 Dungeon Sprint DCSS version 0.26-a0-651-gb41185065b (webtiles) character file.

Game seed: 10045056176597949933

24953 mhtbhm the Wrestler (level 12, 0/132 HPs)
             Began as a Troll Berserker on Sept 30, 2020.
             Was the Champion of Trog.
             Slain by a merfolk impaler
             ... wielding a cursed -2 trident
              (9 damage)
             ... in the Dungeon (Sprint IX: "|||||||||||||||||||||||||||||").
             The game lasted 00:07:01 (2358 turns).

mhtbhm the Wrestler (Troll Berserker)               Turns: 2358, Time: 00:07:01

Health: 0/132      AC: 14    Str: 34    XL:     12   Next: 85%
Magic:  2/11       EV: 13    Int:  5    God:    Trog [******]
Gold:   291        SH:  0    Dex: 11    Spells: 11/11 levels left

rFire    + . .     SeeInvis .     - Unarmed
rCold    . . .     Faith    .   (no shield)
rNeg     . . .     Spirit   .   a - +1 fire dragon scales
rPois    +         Reflect  .   (helmet restricted)
rElec    .         Harm     .   s - +0 cloak
rCorr    .         Rampage  .   (gloves unavailable)
MR       .....     NoTele   +   (boots unavailable)
Stlth    ..........             x - amulet of the acrobat
HPRegen  0.72/turn              B - ring of ice
MPRegen  0.12/turn              v - ring of Idealism {*Drain rPois Str+4 Int+2 Slay+5}

@: mesmerised
A: large, unfitting armour, claws 3, agile 1, regeneration 1, shaggy fur 1,
tough skin 3, weak 1, MP-powered wands
a: Berserk, Trog's Hand, Brothers in Arms, Renounce Religion


You were in the Dungeon.
You worshipped Trog.
Trog was exalted by your worship.
You visited 1 branch You collected 1919 gold pieces.
You spent 1628 gold pieces at shops.

Inventory:

Hand Weapons
 u - a +0 dire flail of venom
Armour
 a - +1 fire dragon scales (worn)
 s - a +0 cloak (worn)
Jewellery
 v - the ring of Idealism (right claw) {*Drain rPois Str+4 Int+2 Slay+5}
   (You bought it in a shop in the Dungeon)

   [ring of poison resistance]

   It affects your strength (+4).
   It affects your intelligence (+2).
   It affects your accuracy and damage with ranged weapons and melee attacks
   (+5).
   It protects you from poison.
   It causes draining when unequipped.
 x - an amulet of the acrobat (around neck)
 A - an uncursed ring of protection from magic
 B - a ring of ice (left claw)
Wands
 j - a wand of acid (1)
 t - a wand of enslavement (6)
Scrolls
 g - 2 scrolls of blinking
 i - 5 scrolls of remove curse
 k - a scroll of silence
 l - 2 scrolls of fear
 m - a scroll of magic mapping
 o - 7 scrolls of enchant weapon
 p - 3 scrolls of enchant armour
 q - 5 scrolls of fog
 w - 3 scrolls of identify
Potions
 b - 10 potions of curing
 c - 3 potions of heal wounds
 d - a potion of haste
 e - 4 potions of magic
 f - 2 potions of berserk rage
 h - a potion of invisibility
 r - a potion of mutation
 z - a potion of lignification {unknown}
Miscellaneous
 n - a phial of floods


   Skills:
 + Level 11.8 Fighting
 + Level 1.4 Armour
 + Level 12.2 Dodging
 + Level 1.9 Stealth
 + Level 24.3 Unarmed Combat
 + Level 3.5 Evocations


You had 11 spell levels left.
You didn't know any spells.
Your spell library was empty.

Dungeon Overview and Level Annotations

Branches:
Dungeon (1/1)

Altars:
Cheibriados
Dithmenos
Elyvilon
Fedhas
Gozag
Hepliaklqana
Kikubaaqudgha
Makhleb
Nemelex Xobeh
Okawaru
Qazlal
Ru
Sif Muna
Trog
Uskayaw
Vehumet
Wu Jian
Xom
Yredelemnul
Zin
The Shining One
Beogh
Jiyva
Lugonu

Shops:
D :=??


Innate Abilities, Weirdness & Mutations

You are too large for most types of armour.
You have claws for hands.
Your natural rate of healing is unusually fast.
You are covered in fur. (AC +1)
You have extremely tough skin. (AC +3)
You are agile. (Dex +2)
You are weak. (Str -2)
You expend magic power (3 MP) to strengthen your wands.


Message History

The sea snake seems to be corroded for longer.
The sea snake is severely wounded.
The wind drake flaps its wings at you. The air twists around and strikes you!
The merfolk siren chants its luring song.
The merfolk impaler hits you from afar with a +1 vorpal trident!!
* * * LOW HITPOINT WARNING * * *
x2 The merfolk impaler closely misses you.
Unknown command.
Unknown command.
You feel much better.
The merfolk impaler hits you from afar with a +1 vorpal trident!
* * * LOW HITPOINT WARNING * * *
x2 The merfolk impaler hits you with a cursed -2 trident!
* * * LOW HITPOINT WARNING * * *
The merfolk siren chants its luring song.
The merfolk impaler hits you from afar with a +1 vorpal trident!
* * * LOW HITPOINT WARNING * * *
x2 The merfolk impaler hits you with a cursed -2 trident!
You die...

▓.▓.▓.▓.▓.▓.▓'▓.▓.
▓.▓.▓.▓.▓.▓)▓.▓.▓.
▓.▓.▓'▓.▓.▓.▓!▓.▓.
▓.▓.▓.▓.▓.▓.▓†▓.▓)
▓.▓.▓=▓.▓.▓(▓.▓.▓.
▓.▓.▓.▓.▓.▓(▓.▓.▓.
▓.▓.▓.▓.▓)▓(▓.▓.▓.
▓.▓.▓.▓.▓)▓.▓.▓.▓.
▓@▓.▓)▓.▓)▓.▓(▓.▓.
▓m▓.▓)▓.▓)▓.▓.▓.▓'
▓m▓.▓)▓.▓)▓.▓.▓.▓_
▓m▓.▓)▓.▓)▓.▓.▓.▓_
▓S▓.▓)▓.▓)▓.▓.▓†▓_
▓k▓.▓)▓.▓)▓.▓.▓.▓_
▓S▓.▓)▓.▓.▓.▓'▓.▓_
▓.▓.▓)▓.▓)▓.▓.▓.▓_
▓.▓.▓.▓)▓.▓.▓.▓_


You could see 2 merfolk impalers, 2 sea snakes, a wind drake (repels missiles)
and a merfolk siren (mesmerising, corroded).

Vanquished Creatures
  Josephine (D)
  A fire dragon (D)
  6 ogre magi (D)
  Erolcha (D)
  A centaur warrior (D)
  3 catoblepae (D)
  A satyr (D)
  5 two-headed ogres (D)
  A deep troll earth mage (D)
  2 death yaks (D)
  3 orc knights (D)
  3 ugly things (D)
  2 manticores (D)
  Joseph (D)
  An elephant (D)
  2 cane toads (D)
  2 yaktaurs (D)
  2 komodo dragons (D)
  A troll (D)
  A slime creature (D)
  2 hippogriffs (D)
  2 shadows (D)
  A wyvern (D)
  4 wraiths (D)
  A basilisk (D)
  3 yaks (D)
  2 water moccasins (D)
  An acid dragon (D)
  10 orc warriors (D)
  2 porcupines (D)
  A black bear (D)
  3 ogres (D)
  3 crocodiles (D)
  A big kobold (D)
  6 bullfrogs (D)
  7 orc priests (D)
  2 worker ants (D)
  2 adders (D)
  A leopard gecko (D)
  9 orcs (D)
  A hobgoblin (D)
  A kobold (D)
  2 bats (D)
  A leopard gecko skeleton (D)
  A rat (D)
109 creatures vanquished.

Notes
Turn   | Place    | Note
-------+----------+-------------------------------------------
     0 | D        | mhtbhm the Troll Berserker began the quest for the Orb.
     0 | D        | Reached XP level 1. HP: 22/22 MP: 0/0
    12 | D        | Reached ** piety under Trog
    34 | D        | HP: 1/22 [poisoned by a kobold]
    97 | D        | Noticed a worker ant
   101 | D        | Reached *** piety under Trog
   101 | D        | Reached XP level 2. HP: 31/31 MP: 1/1
   111 | D        | Reached skill level 4 in Unarmed Combat
   113 | D        | Reached skill level 5 in Unarmed Combat
   113 | D        | Reached XP level 3. HP: 39/39 MP: 2/2
   121 | D        | Found a roughly hewn altar of Beogh.
   121 | D        | Found a snail-covered altar of Cheibriados.
   121 | D        | Found a shadowy altar of Dithmenos.
   121 | D        | Found a white marble altar of Elyvilon.
   121 | D        | Found a blossoming altar of Fedhas.
   121 | D        | Found an opulent altar of Gozag.
   122 | D        | Found a hazy altar of Hepliaklqana.
   123 | D        | Found a viscous altar of Jiyva.
   124 | D        | Found an ancient bone altar of Kikubaaqudgha.
   125 | D        | Found a corrupted altar of Lugonu.
   126 | D        | Found a burning altar of Makhleb.
   127 | D        | Found a sparkling altar of Nemelex Xobeh.
   128 | D        | Found an iron altar of Okawaru.
   129 | D        | Found a stormy altar of Qazlal.
   130 | D        | Found a sacrificial altar of Ru.
   131 | D        | Found a shimmering blue altar of Sif Muna.
   132 | D        | Found a bloodstained altar of Trog.
   133 | D        | Found a hide-covered altar of Uskayaw.
   134 | D        | Found a radiant altar of Vehumet.
   135 | D        | Found an ornate altar of the Wu Jian Council.
   136 | D        | Found a shimmering altar of Xom.
   137 | D        | Found a basalt altar of Yredelemnul.
   138 | D        | Found a glowing silver altar of Zin.
   139 | D        | Found a glowing golden altar of the Shining One.
   173 | D        | Noticed a big kobold
   173 | D        | Noticed a troll
   173 | D        | Noticed a bullfrog
   177 | D        | Killed a big kobold
   177 | D        | Reached **** piety under Trog
   177 | D        | Reached skill level 5 in Dodging
   177 | D        | Reached skill level 6 in Unarmed Combat
   177 | D        | Reached XP level 4. HP: 46/49 MP: 3/3
   185 | D        | Killed a troll
   185 | D        | Reached skill level 9 in Unarmed Combat
   185 | D        | Reached XP level 5. HP: 14/61 MP: 4/4
   185 | D        | Reached XP level 6. HP: 16/68 MP: 5/5
   195 | D        | Reached ***** piety under Trog
   292 | D        | Noticed a shadow
   292 | D        | Noticed a shadow
   292 | D        | Noticed a manticore
   298 | D        | Killed a shadow
   298 | D        | Reached skill level 10 in Unarmed Combat
   298 | D        | Reached XP level 7. HP: 78/78 MP: 6/6
   303 | D        | Reached skill level 11 in Unarmed Combat
   309 | D        | Killed a shadow
   316 | D        | Killed a manticore
   316 | D        | Received a gift from Trog
   316 | D        | Reached skill level 12 in Unarmed Combat
   316 | D        | Reached XP level 8. HP: 9/89 MP: 7/7
   536 | D        | Gained mutation: You are clumsy. (Dex -2) [potion of
                  | mutation]
   536 | D        | Gained mutation: You are partially covered in molten
                  | scales. (AC +2) [potion of mutation]
   537 | D        | Lost mutation: You are clumsy. (Dex -2) [potion of
                  | mutation]
   537 | D        | Lost mutation: You are partially covered in molten scales.
                  | (AC +2) [potion of mutation]
   537 | D        | Gained mutation: Potions are less effective at restoring
                  | your health. [potion of mutation]
   537 | D        | Gained mutation: You are weak. (Str -2) [potion of
                  | mutation]
   537 | D        | Gained mutation: You possess an exceptional clarity of
                  | mind. [potion of mutation]
   538 | D        | Lost mutation: Potions are less effective at restoring your
                  | health. [potion of mutation]
   538 | D        | Lost mutation: You possess an exceptional clarity of mind.
                  | [potion of mutation]
   538 | D        | Gained mutation: You are agile. (Dex +2) [potion of
                  | mutation]
   538 | D        | Gained mutation: You expend magic power (3 MP) to
                  | strengthen your wands. [potion of mutation]
   539 | D        | Noticed a komodo dragon
   539 | D        | Noticed a cane toad
   547 | D        | Killed a komodo dragon
   547 | D        | Reached skill level 13 in Unarmed Combat
   563 | D        | Killed a cane toad
   563 | D        | Reached ****** piety under Trog
   563 | D        | Reached skill level 14 in Unarmed Combat
   563 | D        | Reached XP level 9. HP: 97/98 MP: 8/8
   566 | D        | Received a gift from Trog
   738 | D        | Noticed a cane toad
   742 | D        | Reached skill level 15 in Unarmed Combat
   749 | D        | Killed a cane toad
   751 | D        | Reached skill level 10 in Dodging
   752 | D        | Noticed an elephant
   763 | D        | Killed an elephant
   763 | D        | Received a gift from Trog
   763 | D        | Reached skill level 16 in Unarmed Combat
   811 | D        | Noticed a catoblepas
   811 | D        | Noticed a death yak
   811 | D        | Noticed a catoblepas
   811 | D        | Noticed a catoblepas
   811 | D        | Noticed a death yak
   840 | D        | HP: 7/151 [catoblepas (11)]
   841 | D        | Killed a catoblepas
   841 | D        | Reached skill level 10 in Fighting
   841 | D        | Reached XP level 10. HP: 8/110 MP: 4/9
   859 | D        | HP: 5/110 [something/blast of calcifying dust (10)]
  1077 | D        | Killed a catoblepas
  1077 | D        | Reached skill level 17 in Unarmed Combat
  1150 | D        | Received a gift from Trog
  1161 | D        | Killed a death yak
  1161 | D        | Reached skill level 18 in Unarmed Combat
  1161 | D        | Reached skill level 1 in Evocations
  1165 | D        | Killed a death yak
  1168 | D        | Killed a catoblepas
  1283 | D        | Noticed Erolcha
  1290 | D        | Killed Erolcha
  1290 | D        | Reached skill level 19 in Unarmed Combat
  1290 | D        | Reached XP level 11. HP: 119/119 MP: 10/10
  1343 | D        | Noticed Joseph
  1356 | D        | Killed Joseph
  1433 | D        | Received a gift from Trog
  1457 | D        | Received a gift from Trog
  1510 | D        | Noticed an orc knight
  1513 | D        | Noticed an orc knight
  1517 | D        | Killed an orc knight
  1529 | D        | Killed an orc knight
  1529 | D        | Reached skill level 20 in Unarmed Combat
  1530 | D        | Received a gift from Trog
  1548 | D        | Reached skill level 1 in Stealth
  1727 | D        | Found Gekkeh's Book Emporium.
  1727 | D        | Noticed an ogre mage
  1727 | D        | Noticed a two-headed ogre
  1727 | D        | Noticed a two-headed ogre
  1727 | D        | Noticed a two-headed ogre
  1728 | D        | Noticed an ogre mage
  1730 | D        | Received a gift from Trog
  1733 | D        | Noticed a two-headed ogre
  1735 | D        | Killed an ogre mage
  1737 | D        | Killed a two-headed ogre
  1738 | D        | Found Napt's Jewellery Shoppe.
  1740 | D        | Killed a two-headed ogre
  1740 | D        | Reached skill level 21 in Unarmed Combat
  1745 | D        | Killed a two-headed ogre
  1747 | D        | Killed an ogre mage
  1747 | D        | Received a gift from Trog
  1750 | D        | Killed a two-headed ogre
  1751 | D        | Found Jehimout's Magic Scroll Emporium.
  1753 | D        | Found Poestijin's Magic Scroll Shoppe.
  1788 | D        | Noticed an ogre mage
  1789 | D        | Noticed an ogre mage
  1790 | D        | Noticed an ogre mage
  1791 | D        | Noticed a two-headed ogre
  1793 | D        | Noticed an ogre mage
  1795 | D        | Killed an ogre mage
  1800 | D        | Killed an ogre mage
  1800 | D        | Received a gift from Trog
  1800 | D        | Reached skill level 22 in Unarmed Combat
  1800 | D        | Reached XP level 12. HP: 116/130 MP: 11/11
  1807 | D        | Killed an ogre mage
  1811 | D        | Killed a two-headed ogre
  1812 | D        | Killed an ogre mage
  1865 | D        | Bought a scroll of magic mapping for 42 gold pieces
  1871 | D        | Bought the ring of Idealism {*Drain rPois Str+4 Int+2
                  | Slay+5} for 660 gold pieces
  1878 | D        | Bought a scroll of enchant weapon for 90 gold pieces
  1878 | D        | Bought a scroll of silence for 90 gold pieces
  1878 | D        | Bought a scroll of enchant weapon for 90 gold pieces
  1878 | D        | Bought a scroll of fear for 42 gold pieces
  1878 | D        | Bought a scroll of identify for 24 gold pieces
  1882 | D        | Bought 3 scrolls of fog for 60 gold pieces
  1882 | D        | Bought a scroll of enchant weapon for 75 gold pieces
  1882 | D        | Bought a scroll of enchant armour for 75 gold pieces
  1882 | D        | Bought a scroll of fog for 20 gold pieces
  1886 | D        | Bought an uncursed amulet of the acrobat for 360 gold
                  | pieces
  1939 | D        | Noticed Josephine
  1944 | D        | Received a gift from Trog
  1948 | D        | Killed Josephine
  1951 | D        | Reached skill level 23 in Unarmed Combat
  2188 | D        | Received a gift from Trog
  2190 | D        | Noticed a fire dragon
  2190 | D        | Noticed a deep troll earth mage
  2193 | D        | Noticed a centaur warrior
  2204 | D        | Killed a fire dragon
  2206 | D        | Killed a deep troll earth mage
  2206 | D        | Received a gift from Trog
  2214 | D        | Killed a centaur warrior
  2218 | D        | Reached skill level 24 in Unarmed Combat
  2223 | D        | Reached skill level 1 in Armour
  2225 | D        | Received a gift from Trog
  2353 | D        | Noticed a merfolk impaler
  2353 | D        | Noticed a merfolk impaler
  2353 | D        | Noticed a satyr
  2357 | D        | Killed a satyr
  2358 | D        | Slain by a merfolk impaler

Illustrated notes

Levels and vault maps discovered:
D:        linesprint [early_d, line_temple, items_1, d_10, items_2, lair_1,
          lair_end, items_3, orc_1, orc_end, items_4, d_15, swamp_1, shoals_1,
          snake_1, spider_1, d_20, vaults_1, items_5, swamp_end, shoals_end,
          snake_end, spider_end, vaults_end, d_27, items_6, zot_1, zot_end,
          crypt_end, forest_end, elf_end, slime_end, tomb_end, abyss_end,
          pan_hell_end]

Skill      XL: |  1  2  3  4  5  6  7  8  9 10 11 12 |
---------------+-------------------------------------+-----
Fighting       | 3 4 6 7 8 9 10 11 | 11.8
Dodging        | 3 4 5 6 7 8 9 10 11 12 | 12.2
Unarmed Combat | 5 6 9 10 12 14 16 19 22 24 | 24.3
Evocations     | 1 3 |  3.5
Stealth        | 1 |  1.9
Armour         | 1 |  1.4

Action                   |  1- 3 |  4- 6 |  7- 9 | 10-12 || total
-------------------------+-------+-------+-------+-------++-------
Melee: Unarmed           |    33 |    22 |    73 |   155 ||   283
       Punch             |       |       |     7 |    24 ||    31
Invok: Berserk           |     1 |     2 |     3 |     9 ||    15
Evoke: Wand              |       |       |     2 |     7 ||     9
  Use: Potion            |       |       |     3 |     2 ||     5
Armor: Animal skin       |     5 |     2 |    10 |     4 ||    21
       Fire dragon scale |       |       |       |    13 ||    13
Dodge: Dodged            |     5 |     8 |    26 |    51 ||    90

Table legend: (Time is in decaauts)
 A = Elapsed time spent in this place.
 B = Non-inter-level travel time spent in this place.
 C = Inter-level travel time spent in this place.
 D = Time resting spent in this place.
 E = Time spent auto-exploring this place.
 F = Levels seen in this place.
 G = Mean time per level.
                   A        B        C        D        E       F      G
               +--------+--------+--------+--------+--------+-----+--------+
         Total |   2408 |   2408 |      0 |    773 |    365 |   1 | 2408.0 |
       Dungeon |   2408 |   2408 |      0 |    773 |    365 |   1 | 2408.0 |
               +--------+--------+--------+--------+--------+-----+--------+

Top non-repeatable levels by time:
       D: 2408 daAuts
